Map: At Eternity's Edge LE

Players

naane - Winner!

  • Race: Protoss Protoss

VOD

Have the link to the VOD?

Description

Time

  • Played on: Aug. 22, 2026, 10:59 a.m.
  • Length: 15:05
Show
View Real Time Build Order
Export as new Build Order

naane Protoss - Winner!

Build Orders:  

Get SALT Encoding   

  1  0:00  Probe (Chrono Boost)  
  9  0:13  Probe (Chrono Boost)  
  10  0:26  Probe (Chrono Boost)  
  11  0:43  Probe (Chrono Boost)  
  12  0:51  Pylon  
  7  1:00  Probe (Chrono Boost)  
  13  1:18  Probe (Chrono Boost)  
  14  1:24  Gateway  
  14  1:31  Probe (Chrono Boost)  
  15  1:42  Probe (Chrono Boost)  
  16  1:55  Pylon  
  16  2:02  Assimilator  
  16  2:08  Probe (Chrono Boost)  
  17  2:25  Probe (Chrono Boost)  
  19  2:40  Pylon  
  19  2:42  Probe (Chrono Boost)  
  19  2:47  Zealot  
  21  2:56  Probe (Chrono Boost)  
  22  3:02  Cybernetics Core  
  22  3:08  Probe (Chrono Boost)  
  22  3:17  Assimilator  
  22  3:19  Probe (Chrono Boost)  
  24  3:31  Gateway  
  24  3:36  Probe (Chrono Boost)  
  25  3:41  Zealot  
  27  3:53  Probe (Chrono Boost)  
  29  4:10  Probe (Chrono Boost)  
  29  4:26  Nexus  
  29  4:27  Probe (Chrono Boost)  
  30  4:38  Zealot  
  30  4:39  Probe (Chrono Boost)  
  31  4:50  Probe (Chrono Boost)  
  32  5:05  Twilight Council  
  32  5:12  Stalker  
  35  5:31  Probe (Chrono Boost)  
  35  5:46  Pylon  
  35  5:47  Probe (Chrono Boost)  
  36  5:50  Pylon  
  36  6:02  Stalker  
  36  6:05  Warp Gate  
  38  6:10  Probe (Chrono Boost)  
  39  6:22  Probe (Chrono Boost)  
  40  6:40  Stalker  
  40  6:43  Gateway  
  40  6:45  Gateway  
  40  6:48  Gateway  
  44  6:52  Probe x2 (Chrono Boost)  
  44  7:06  Pylon  
  44  7:09  Probe x2 (Chrono Boost)  
  46  7:22  Probe x2 (Chrono Boost)  
  48  7:33  Probe (Chrono Boost)  
  48  7:34  Probe (Chrono Boost)  
  50  7:53  Forge  
  48  8:09  Blink  
  48  8:21  Assimilator  
  48  8:24  Assimilator  
  48  8:47  Stalker  
  48  8:48  Stalker x4  
  58  9:07  Probe x2, Pylon  
  60  9:19  Protoss Ground Weapons Level 1 (Chrono Boost)  
  60  9:24  Probe x2  
  62  9:40  Nexus  
  62  9:41  Probe  
  62  9:48  Probe  
  64  9:58  Probe  
  65  10:00  Assimilator  
  65  10:05  Probe, Assimilator  
  65  10:07  Gateway  
  66  10:12  Pylon  
  66  10:15  Probe  
  66  10:17  Pylon  
  66  10:18  Charge  
  67  10:20  Photon Cannon  
  67  10:21  Photon Cannon  
  67  10:24  Photon Cannon  
  65  10:39  Stalker x3  
  67  10:40  Stalker x2  
  63  11:36  Probe  
  63  11:37  Probe x2  
  64  11:40  Pylon  
  64  11:43  Pylon  
  64  11:44  Stalker x5  
  72  11:53  Probe  
  69  12:42  Zealot x2  
  69  12:43  Zealot x3  
  79  12:52  Probe x2  
  79  12:53  Probe  
  82  13:09  Probe x2  
  84  13:22  Gateway  
  84  13:26  Gateway  
  84  13:29  Gateway  
  82  13:33  Gateway  
  82  13:37  Gateway  
  82  13:41  Stalker x3  
  82  13:42  Stalker  
  82  13:44  Zealot  
  80  14:40  Stalker x4  
  80  14:42  Zealot  
Tags
 
Add a new tag
Caveats
  • Supply blocks, unpowered buildings, or Contaminate may cause inaccurate times.
  • Supply counts are checked every 10 seconds.